AoeStats
← DS_Kvothe

Arabia

509761853Analyzed
1v1 RM · 4d ago on Sep 27, 2026· 27m 47s· 2 players
Game mode
Random Map
Map size
Tiny (2 player)
Population
200
Speed
Normal
Resources
Standard
Victory
Conquest
Starting age
Dark Age
Ending age
Imperial Age
RankedLock teamsTeams togetherTeam positionsShared explorationLock speedFull tech treeHidden civsTurbo modeCheats
Victory
Defeat
🇹🇷 Persians · Türkiye
2005
+13
🇦🇷 Varangians · Argentina
1949
-13
DS_Kvothe
7:02 Loom
9:15 Feudal Age
9:45 Double-Bit Axe
9:41 Horse Collar
18:01 Fletching
22:29 Castle Age
20:41 Padded Archer Armor
21:42 Scale Mail Armor
21:53 Forging
21:48 Gold Mining
22:14 Forging
22:51 Elite Skirmisher
22:58 Elite Skirmisher
25:42 Bow Saw
25:56 Squires
KARA___
6:43 Loom
9:18 Feudal Age
9:18 Man-at-Arms
9:54 Double-Bit Axe
16:05 Fletching
17:06 Padded Archer Armor
21:48 Castle Age
20:12 Gold Mining
22:18 Bodkin Arrow
23:25 Husbandry
23:19 Town Watch
27:19 Bloodlines
27:36 Ballistics
Connection lost

Rejoining the realm…

Still unreachable

The connection could not be restored.

Session expired

The server has moved on; the page needs a fresh start.